 Dungeon Crawl Stone Soup version 0.32-a0-913-g739538afd8 (webtiles) character file.

Game seed: 9917151753245068561

444964 Chimkentus the Warrior (level 23, -31/519 (549) HPs)
             Began as a Troll Monk on Dec 20, 2023.
             Was an Elder of Qazlal.
             Annihilated by an Ice Fiend (78 damage)
             ... summoned by a dread lich
             ... on level 3 of the Crypt on Apr 9, 2024.
             The game lasted 07:34:42 (52168 turns).

Chimkentus the Warrior (Troll Monk)                Turns: 52168, Time: 07:34:42

HP:   -31/519 (549) AC: 31    Str: 39    XL:     23   Next: 9%
MP:   12/33         EV:  1    Int:  2    God:    Qazlal [****..]
Gold: 1215          SH: 29    Dex: 12    Spells: 15/22 levels left

rFire   + + +        K - +9 war axe (venom)
rCold   x . .        M - +10 tower shield of Ignorance {rN+ Int-4}
rNeg    + + .        k - melded +2 gold dragon scales "Adohuwit" {rPois rF+ rC+ SInv}
rPois   +            j - melded +2 hat "Daddevie" {Harm rN+ Dex+4}
rElec   .            L - melded scarf "Yhonaal" {rC+ rF+, Will++ Str+2}
rCorr   .            (gloves unavailable)
SInv    .            (boots unavailable)
Will    +....        U - amulet of Pinoeniopi {rF++ Regen+ Stlth+} Stlth
                     g - +6 ring of strength
HPRegen 2.66/turn    N - ring "Jezesar" {Fire rN+}
MPRegen 0.23/turn

%: repel missiles
@: berserking, tree-form (expiring), studying 2 skills, drained, very quick
A: stationary, stasis, torment immunity, boosted hp, large, unfitting armour,
(claws 3), regeneration 1, (shaggy fur 1), (tough skin 1)
}: 2/15 runes: barnacled, gossamer
a: Renounce Religion, Upheaval, Elemental Force


You were on level 3 of the Crypt.
You worshipped Qazlal.
Qazlal was greatly pleased with you.
You were a tree.
You visited 10 branches of the dungeon, and saw 42 of its levels.
You also visited: Trove, Sewer, Ice Cave and Wizlab.

You collected 5861 gold pieces.
You spent 4646 gold pieces at shops.

Inventory:

Hand Weapons
 q - the +5 spear of Zeag {holy, Int+2}
   (You took it off a centaur on level 8 of the Dungeon)

   Int+2:     It affects your intelligence (+2).
 y - the +5 demon whip "Spellbinder" {antimagic, disrupt, Will+}
   (You bought it in a shop on level 14 of the Dungeon)

   Will+:     It increases your willpower.
 K - a +9 war axe of venom (weapon)
Missiles
 B - 4 throwing nets
 O - 4 curare-tipped darts
 R - 4 datura-tipped darts
 S - 6 silver javelins
 T - 15 boomerangs
 X - 40 large rocks (quivered)
Armour
 j - the +2 hat "Daddevie" (melded) {Harm rN+ Dex+4}
   (You found it in a treasure trove)

   Dex+4:     It affects your dexterity (+4).
   rN+:       It protects you from negative energy.
   Harm:      It increases damage dealt and taken.
 k - the +2 gold dragon scales "Adohuwit" (melded) {rPois rF+ rC+ SInv}
   (You found it in a treasure trove)

   rF+:       It protects you from fire.
   rC+:       It protects you from cold.
   rPois:     It protects you from poison.
   SInv:      It lets you see invisible.
 H - the +0 mask of the Dragon {Will+ Slay+3 SInv}
   (You bought it in a shop on level 2 of the Orcish Mines)

   Slay+3:    It affects your accuracy & damage with ranged weapons and melee
   (+3).
   Will+:     It increases your willpower.
   SInv:      It lets you see invisible.
 L - the scarf "Yhonaal" (melded) {rC+ rF+, Will++ Str+2}
   (You found it in a treasure trove)

   Str+2:     It affects your strength (+2).
   Will++:    It greatly increases your willpower.
 M - the +10 tower shield of Ignorance (worn) {rN+ Int-4}
   (You found it in a treasure trove)

   Int-4:     It affects your intelligence (-4).
   rN+:       It protects you from negative energy.
Jewellery
 g - a +6 ring of strength (left branch)
 p - a ring of flight
 F - a ring of resist corrosion
 N - the ring "Jezesar" (right branch) {Fire rN+}
   (You found it in a wizard's laboratory)

   [ring of fire]

   Fire:      It enhances your fire magic.
   rF+:       It protects you from fire.
   rC-:       It makes you vulnerable to cold.
   rN+:       It protects you from negative energy.
 P - a +5 ring of evasion
 U - the amulet of Pinoeniopi (around neck) {rF++ Regen+ Stlth+}
   (You acquired it on level 3 of the Dungeon)

   [amulet of regeneration]

   rF++:      It greatly protects you from fire.
   Regen+:    It increases your rate of health regeneration.
   Stlth+:    It makes you more stealthy.
Wands
 n - a wand of roots (10)
 A - a wand of paralysis (37)
 D - a wand of digging (19)
 I - a wand of mindburst (26)
Scrolls
 a - 9 scrolls of blinking
 c - 2 scrolls of revelation
 e - 16 scrolls of teleportation
 i - 3 scrolls of silence
 v - 12 scrolls of vulnerability
 z - 7 scrolls of poison
 C - 6 scrolls of fear
 E - 9 scrolls of immolation
 G - 5 scrolls of fog
 J - 4 scrolls of butterflies
Potions
 b - 13 potions of ambrosia
 d - 7 potions of might
 h - 9 potions of brilliance
 m - 6 potions of resistance
 o - 7 potions of cancellation
 r - 10 potions of magic
 t - 5 potions of haste
 u - 3 potions of invisibility
 w - a potion of lignification
 Q - 16 potions of curing
 V - 4 potions of heal wounds
 W - 13 potions of attraction
 Y - a potion of berserk rage
Miscellaneous
 f - a condenser vane
 l - a Gell's gravitambourine (2/2)
 s - a box of beasts
 x - a phantom mirror (inert)
 Z - a phial of floods


   Skills:
 + Level 17.4 Fighting
 + Level 12.2(13.6) Axes
 + Level 9.7(13.6) Maces & Flails
 + Level 3.5(9.8) Polearms
 + Level 7.1(9.5) Staves
 * Level 13.8 Throwing
 + Level 10.3 Armour
 + Level 12.7 Dodging
 + Level 3.3 Stealth
 + Level 8.7 Shields
 + Level 3.0 Unarmed Combat
 + Level 2.3 Hexes
 + Level 2.9 Translocations
 + Level 0.4 Earth Magic
 * Level 15.3 Invocations
 + Level 8.7 Evocations
 * Level 10.4 Shapeshifting


You had 15 spell levels left.
You knew the following spells:

 Your Spells              Type           Power      Damage    Failure   Level
a - Passwall              Erth           0%         N/A       99%         3
b - Dimensional Bullseye  Hex/Tloc       0%         N/A       99%         4

Your spell library contained the following spells:

 Spells                   Type           Power      Damage    Failure   Level
 Blink                    Tloc           2%         N/A       58%         2
 Lesser Beckoning         Tloc           2%         N/A       58%         2
 Jinxbite                 Hex            0%         N/A       67%         2
 Sandblast                Erth           0%         2d4       80%         1
 Momentum Strike          Conj/Tloc      0%         3d8       80%         2
 Maxwell's Portable Pile  Tloc           1%         2d(5-13)  82%         3
 Teleport Other           Tloc           1%         N/A       82%         3
 Ensorcelled Hibernation  Hex/Ice        0%         N/A       83%         2
 Foxfire                  Conj/Fire      0%         2x1d4     85%         1
 Freeze                   Ice            0%         1d3       85%         1
 Magic Dart               Conj           0%         1d3       85%         1
 Necrotise                Necr           0%         1d4       85%         1
 Shock                    Conj/Air       0%         1d3       85%         1
 Sigil of Binding         Hex            0%         N/A       88%         3
 Tukima's Dance           Hex            0%         N/A       88%         3
 Call Imp                 Summ           0%         N/A       94%         2
 Cigotuvi's Dreadful Rot  Necr/Alch/Air  0%         N/A       94%         2
 Scorch                   Fire           0%         2d5       94%         2
 Searing Ray              Conj           0%         2d4       94%         2
 Sublimation of Blood     Necr           0%         N/A       94%         2
 Dazzling Flash           Conj/Hex       0%         N/A       96%         3
 Inner Flame              Hex/Fire       0%         N/A       96%         3
 Call Canine Familiar     Summ           0%         N/A       99%         3
 Frozen Ramparts          Ice            0%         1d1       99%         3
 Fugue of the Fallen      Necr           0%         N/A       99%         3
 Hailstorm                Conj/Ice       0%         3d5       99%         3
 Mephitic Cloud           Conj/Alch/Air  0%         N/A       99%         3
 Ozocubu's Armour         Ice            0%         N/A       99%         3
 Stone Arrow              Conj/Erth      0%         3d7       99%         3
 Summon Ice Beast         Ice/Summ       0%         N/A       99%         3
 Vampiric Draining        Necr           0%         2d6       99%         3
 Cause Fear               Hex            0%         N/A       99%         4
 Passage of Golubria      Tloc           1%         N/A       99%         4
 Anguish                  Hex/Necr       0%         N/A       100%        4
 Animate Armour           Summ/Erth      0%         N/A       100%        4
 Brom's Barrelling Bould  Conj/Erth      0%         2d3       100%        4
 Flame Wave               Conj/Fire      0%         2d4       100%        4
 Fulminant Prism          Conj/Alch      0%         3d5       100%        4
 Ignite Poison            Fire/Alch      0%         N/A       100%        4
 Iskenderun's Mystic Bla Conj/Tloc 0%             2d3        (+2d1     100%        4
 Leda's Liquefaction      Alch/Erth      0%         N/A       100%        4
 Petrify                  Alch/Erth      0%         N/A       100%        4
 Sticky Flame             Fire/Alch      0%         2d4       100%        4
 Summon Blazeheart Golem  Fire/Summ      0%         N/A       100%        4
 Alistair's Intoxication  Alch           0%         N/A       100%        5
 Borgnjor's Vile Clutch   Necr/Erth      0%         N/A       100%        5
 Curse of Agony           Necr           0%         N/A       100%        5
 Fireball                 Conj/Fire      0%         3d3       100%        5
 Freezing Cloud           Conj/Ice/Air   0%         6-21      100%        5
 Irradiate                Conj/Alch      0%         3d11      100%        5
 Lee's Rapid Deconstruct  Erth           0%         3d4*      100%        5
 Metabolic Englaciation   Hex/Ice        0%         N/A       100%        5
 Silence                  Hex/Air        0%         N/A       100%        5
 Summon Mana Viper        Hex/Summ       0%         N/A       100%        5
 Yara's Violent Unravell  Hex/Alch       0%         3d3       100%        5
 Conjure Ball Lightning   Conj/Air       0%         3x3d6     100%        6
 Eringya's Noxious Bog    Alch           0%         4d6       100%        6
 Permafrost Eruption      Ice/Erth       0%         2x4d1     100%        6
 Plasma Beam              Fire/Air       0%         2x1d10    100%        6
 Sculpt Simulacrum        Ice/Alch       0%         N/A       100%        6
 Starburst                Conj/Fire      0%         6d3       100%        6
 Summon Cactus Giant      Summ           0%         N/A       100%        6
 Enfeeble                 Hex            0%         N/A       100%        7
 Haunt                    Necr/Summ      0%         N/A       100%        7
 Monstrous Menagerie      Summ           0%         N/A       100%        7
 Ozocubu's Refrigeration  Ice            0%         4d7       100%        7
 Borgnjor's Revivificati  Necr           0%         N/A       100%        8
 Discord                  Hex            0%         N/A       100%        8
 Disjunction              Tloc           0%         N/A       100%        8
 Maxwell's Capacitive Co  Air            0%         ∞         100%        8
 Death's Door             Necr           0%         N/A       100%        9
 Dragon's Call            Summ           0%         N/A       100%        9
 Polar Vortex             Ice            0%         N/A       100%        9


Dungeon Overview and Level Annotations

Branches:
Dungeon (15/15)            Temple (1/1) D:7            Lair (5/5) D:9
 Shoals (4/4) Lair:2       Spider (4/4) Lair:3        Slime (0/5) Lair:5
    Orc (2/2) D:9             Elf (3/3) Orc:2        Vaults (4/5) D:14
  Crypt (3/3) Vaults:3       Tomb (0/3) Crypt:3      Depths (1/4) D:15
  Sewer (visited)           IceCv (visited)          WizLab (visited)

Altars:
Ashenzari
Cheibriados
Dithmenos
Elyvilon
Fedhas
Gozag
Hepliaklqana
Kikubaaqudgha
Makhleb
Nemelex Xobeh
Okawaru
Qazlal
Ru
Sif Muna
Trog
Uskayaw
Vehumet
Wu Jian
Xom
Yredelemnul
Zin
The Shining One
Beogh
Jiyva

Shops:
D:3 ([=?*   D:6 (!   D:9 !   D:10 ?   D:14 (*   Orc:2 [[[   Elf:1 *   Elf:2 *
Elf:3 (   Shoals:1 **!   Shoals:2 *   Vaults:3 ***   Vaults:4 [

Portals:
Hell: Depths:1
Pandemonium: Depths:1

Annotations:
Shoals:1 3 runed translucent doors, Panea's ghost, adept FoCA
Elf:2 3 runed translucent doors
Vaults:1 3 runed translucent doors, Qotsoore's ghost, adept DsFi


Innate Abilities, Weirdness & Mutations

You are a tree.
Your roots penetrate the ground, keeping you stationary.
You cannot be teleported.
You are immune to unholy pain and torment.
Your maximum health is greatly increased.
Your equipment is partially melded.
You are too large for most types of armour.
((You have claws for hands.))
Your natural rate of healing is unusually fast.
((You are covered in fur. (AC +1)))
((You have tough skin. (AC +1)))


Message History

* * * LOW HITPOINT WARNING * * *
The Ice Fiend claws you but does no damage.
The Brimstone Fiend hits you but does no damage. x3
The reaper hits you from afar with a +2 scythe of protection!!
* * * LOW HITPOINT WARNING * * *
Something touches you but does no damage. x2
The ancient lich touches you but does no damage.
You can move again.
Unknown command.
A red film seems to cover your vision as you go berserk!
You feel yourself moving faster!
You feel mighty!
The tormentor is engulfed in freezing vapours.
You block the tormentor's attack. x2
Something touches you but does no damage.
Something touches you!
* * * LOW HITPOINT WARNING * * *
You partially resist.
You feel drained. You block the Ice Fiend's attack. x2
The reaper hits you but does no damage. The Brimstone Fiend hits you!
* * * LOW HITPOINT WARNING * * *
The Brimstone Fiend hits you but does no damage. x2
The ancient lich touches you but does no damage.
The tormentor is engulfed in freezing vapours.
The tormentor hits you but does no damage. x2
Something touches you but does no damage. x2
Unknown command.
Unknown command.
You are too berserk!
You cannot move.
You hit the Brimstone Fiend.
The Brimstone Fiend is lightly wounded.
You hit the ancient lich. You slice the tormentor!!
You kill the tormentor!
The tormentor disappears in a puff of smoke!
You miss something. x2; You slash the Ice Fiend!
The Ice Fiend looks as sick as possible!
You block the ancient lich's attack. You block the Ice Fiend's attack.
The Ice Fiend claws you!
* * * LOW HITPOINT WARNING * * *
The Ice Fiend freezes you!!!!
You feel a terrible chill!
You die...

#.......##...# #...#...## #...
####.#####.### ##...#...# #...
##..#####..####....#...#### ###.
##..##.....................# #.
...###.....................# #.
#### #..#################..# ###.
## ##.†#≈≈≈§§§○§≈§§≈≈≈≈#..###...
.####...#§≈§§≈§≈1§≈≈≈§≈≈#...##...
........#≈≈≈§§.{♣L§§§§§≈#......[.
.####...#≈≈.§§:{1○.§.§≈≈#...####)
## ##..#≈.≈..2§=.§....≈#..## #.
#..#.......:.......#..# #. ##
#..#....ß.###.ß....#..# #. .#
#..#.....^^^^......#..# #. .#
#..#######'''#######..# #. .#
#...##...........##...# #. ##
##..##...........##..## #.


You could see an ancient lich (fast), a Brimstone Fiend (summoned), an Ice Fiend
(summoned, extremely poisoned) and a reaper (summoned).

Vanquished Creatures
  A dread lich (Crypt:1)
  The ghost of Dosonout the Slayer, a veteran FoFi of Vehumet (Crypt:2)
  Sojobo (Crypt:2)
  Vv (Crypt:2)
  A curse toe (Crypt:3)
  The ghost of Yzeiphu the Earth Mage, an adept OpEE of Vehumet (Crypt:1)
  Jory (Vaults:4)
  Nikola (Spider:2)
  Arachne (Spider:4)
  A bone dragon (Crypt:3)
  A tentacled monstrosity (Depths:1)
  Jorgrun (D:15)
  4 liches
  2 deep elf blademasters (Elf:3)
  A shard shrike skeleton (Crypt:1)
  2 deep elf master archers (Elf:3)
  3 sphinxes
  7 ancient champions
  3 tengu reavers
  An Executioner (Shoals:1)
  A revenant (Crypt:2)
  4 fire giants
  Roxanne (D:14)
  6 deep elf sorcerers
  Louise (Elf:1)
  6 emperor scorpions
  10 vault wardens
  2 curse skulls (Crypt:3)
  7 ghost moths
  6 deep elf elementalists
  5 war gargoyles
  5 ghouls
  2 broodmothers
  An orc warlord (Vaults:4)
  15 ironbound preservers
  3 very ugly things (Depths:1)
  A caustic shrike skeleton (Crypt:1)
  4 stone giants
  4 vampire knights
  9 deep elf death magi
  Nessos (D:15)
  11 ironbound thunderhulks
  A juggernaut skeleton (Crypt:3)
  5 deep elf demonologists (Elf:3)
  A rockslime zombie (Crypt:2)
  10 deep elf annihilators
  16 dire elephants
  7 spark wasps
  3 ettins (Depths:1)
  3 eidola
  A green death (Depths:1)
  3 merfolk javelineers
  8 jiangshi
  3 deep elf high priests (Elf:3)
  6 fire dragons (Depths:1)
  12 merfolk impalers
  Snorg (D:14)
  6 entropy weavers
  2 rakshasas
  7 vault guards
  8 yaktaur captains
  Josephine (Lair:4)
  3 hydras
  7 great orbs of eyes
  2 spriggan zombies
  2 jorogumos (Spider:1)
  A quicksilver dragon zombie (Crypt:2)
  8 peacekeepers
  A salamander tyrant (WizLab)
  Harold (D:11)
  A catoblepas (Lair:5)
  3 ice dragons
  A bennu zombie (Crypt:3)
  8 ironbound frosthearts
  2 radroaches (Spider:4)
  5 death knights
  7 centaur warriors
  4 merfolk aquamancers
  3 two-headed ogres (D:12)
  16 dancing weapons
  An alligator snapping turtle (Shoals:4)
  4 merfolk avatars
  8 boulder beetles
  A hell hog (Lair:4)
  6 vampire magi
  A satyr (Shoals:4)
  15 demonic crawlers
  Urug (Lair:5)
  A deep troll earth mage (Vaults:4)
  8 death yaks
  A spriggan berserker (Depths:1)
  5 tengu warriors
  A titan zombie (Crypt:1)
  12 deep elf knights
  3 sun moths
  6 skysharks
  35 skeletal warriors
  A sun demon (Depths:1)
  2 titan skeletons (Crypt:2)
  9 deep elf archers
  A storm dragon skeleton (Crypt:2)
  8 pharaoh ants
  10 sea snakes
  A spark wasp zombie (Crypt:3)
  2 glowing orange brains (Vaults:4)
  5 flayed ghosts
  36 deep trolls
  A bunyip skeleton (Crypt:3)
  A bog body (IceCv)
  9 arcanists
  An iron giant skeleton (Crypt:3)
  An anaconda zombie (Crypt:3)
  12 orb spiders
  5 necromancers
  An anaconda skeleton (Crypt:1)
  12 lindwurms
  27 deep elf zephyrmancers
  3 thermic dynamos (Elf:2)
  12 deep elf pyromancers
  A golden dragon skeleton (Crypt:2)
  10 ironbound convokers
  18 harpies
  21 wolf spiders
  8 steelbarb worms
  6 orc knights
  13 phantasmal warriors
  8 cyclopes
  14 manticores
  56 ugly things
  4 salamanders (WizLab)
  3 oklob plants
  8 fauns
  5 moths of wrath
  A centaur zombie (Crypt:3)
  6 merfolk sirens
  11 elephants
  2 ice statues (IceCv)
  5 black mambas
  An eleionoma skeleton (Crypt:2)
  8 kobold blastminers
  Joseph (Lair:1)
  3 water nymphs (Shoals:4)
  12 vault sentinels
  28 slime creatures
  10 torpor snails
  6 gargoyles (WizLab)
  A centaur skeleton (Crypt:3)
  A smoke demon (Depths:1)
  An unseen horror (D:11)
  A cane toad (shapeshifter) (D:15)
  A rime drake (Lair:4)
  A dire elephant skeleton (Crypt:2)
  11 cane toads
  16 komodo dragons
  6 freezing wraiths
  Psyche (D:8)
  2 efreet (D:14)
  27 yaktaurs
  4 guardian mummies (Crypt:3)
  3 kobold demonologists
  A hydra zombie (Crypt:2)
  3 tengu conjurers
  4 ice devils (IceCv)
  A bunyip simulacrum (Crypt:1)
  A purple draconian skeleton (Crypt:2)
  3 trolls
  A harpy zombie (Crypt:2)
  2 queen bees (shapeshifter) (Elf:1)
  A troll (shapeshifter) (Elf:1)
  38 merfolk
  4 meliai
  7 wind drakes
  2 harpy skeletons (Crypt:2)
  10 polar bears
  14 hornets
  38 tarantellas
  3 tyrant leeches (Lair:5)
  A boulder beetle zombie (Crypt:3)
  A satyr zombie (Crypt:1)
  22 blink frogs
  A raiju (Lair:5)
  8 dream sheep
  8 snapping turtles
  A dream sheep (shapeshifter) (Vaults:1)
  2 air elementals
  A black mamba zombie (Crypt:2)
  28 culicivoras
  3 spriggans (Depths:1)
  A vampire (D:13)
  64 yaks
  2 wyverns
  25 jumping spiders
  2 shadows
  10 wraiths
  8 water elementals
  3 dire elephant simulacra (IceCv)
  An ettin skeleton (Crypt:1)
  4 fire elementals
  6 laughing skulls (Crypt:3)
  A hog (shapeshifter) (D:14)
  6 wargs
  10 basilisks
  5 steam dragons
  52 redbacks
  12 vampire mosquitoes
  4 death yak simulacra (IceCv)
  A merfolk zombie (Crypt:1)
  4 harpy simulacra (IceCv)
  An entropy weaver zombie (Crypt:3)
  16 hell hounds
  An acid dragon (D:11)
  A cane toad zombie (Crypt:1)
  12 water moccasins
  3 hydra simulacra (IceCv)
  2 sky beasts
  11 black bears
  2 ice beasts
  37 orc warriors
  2 naga skeletons
  5 ogres
  30 wolves
  10 centaurs
  A crocodile (Sewer)
  2 phantoms
  A torpor snail zombie (Crypt:3)
  A salamander zombie (Crypt:2)
  A swamp dragon skeleton (Crypt:3)
  8 kobold brigands
  A vine stalker zombie (Crypt:2)
  14 bullfrogs
  A brain worm (Sewer)
  5 necrophages
  4 gnoll sergeants
  7 scorpions
  2 earth elementals
  A two-headed ogre simulacrum (D:11)
  3 wights (D:9)
  11 killer bees
  An elephant simulacrum (IceCv)
  A raiju skeleton (Crypt:2)
  A polar bear skeleton (Crypt:1)
  2 electric eels
  A wolf zombie (Crypt:1)
  A howler monkey (D:8)
  A hound (D:5)
  2 jellies
  13 orc priests
  An iron imp (D:6)
  3 iguanas
  A scorpion zombie (Crypt:3)
  Jessica (D:2)
  A boggart zombie (Crypt:3)
  A sleepcap (D:5)
  Natasha (thrice) (D:2)
  22 orc wizards
  2 lightning spires (WizLab)
  A statue (D:8)
  3 troll simulacra (IceCv)
  A spriggan simulacrum (D:11)
  An acid dragon skeleton (Crypt:1)
  Robin (D:3)
  9 adders
  18 gnolls
  A naga simulacrum (D:11)
  4 river rats (Sewer)
  A shadow imp (D:5)
  3 white imps
  2 ufetubi (D:7)
  A ribbon worm (D:5)
  A dart slug (D:1)
  85 orcs
  3 endoplasms
  5 giant cockroaches
  13 goblins
  8 hobgoblins
  8 jackals
  A quokka (D:1)
  18 ball pythons
  2 bats
  6 frilled lizards
  A frilled lizard zombie (Crypt:1)
  A goblin skeleton (Crypt:2)
  A jackal zombie (Crypt:1)
  29 kobolds
  10 rats
  A butterfly (Lair:5)
1856 creatures vanquished.

Vanquished Creatures (collateral kills)
  An electric golem (WizLab)
  A tengu reaver (Crypt:2)
  Ilsuiw (Shoals:2)
  A vault warden (Vaults:2)
  2 ironbound thunderhulks
  A spark wasp (Depths:1)
  A crystal guardian (WizLab)
  A merfolk javelineer (Shoals:4)
  A vault guard (Vaults:2)
  A merfolk avatar (Shoals:4)
  A tengu warrior (Depths:1)
  An arcanist (Vaults:3)
  2 merfolk sirens (Shoals:2)
  A vault sentinel (Vaults:4)
  A water nymph (Shoals:4)
  A centaur skeleton (Crypt:3)
  A yaktaur (Vaults:3)
  A tarantella (Spider:4)
  A blink frog (Lair:1)
  A slime creature (Vaults:3)
  2 redbacks
24 creatures vanquished.

Vanquished Creatures (others)
  An ironbound thunderhulk (WizLab)
  A deep elf pyromancer (Elf:3)
  A harpy (Shoals:1)
  2 culicivoras (Spider:4)
  An air elemental (Elf:1)
  A jumping spider (Spider:4)
  An orc (Orc:2)
8 creatures vanquished.

Grand Total: 1888 creatures vanquished

Notes
Turn   | Place    | Note
-------+----------+-------------------------------------------
     0 | D:1      | Chimkentus the Troll Monk began the quest for the Orb.
     0 | D:1      | Reached XP level 1. HP: 22/22 MP: 0/0
   225 | D:1      | Reached XP level 2. HP: 29/29 MP: 1/1
   753 | D:2      | Noticed Natasha
   756 | D:2      | Reached XP level 3. HP: 36/36 MP: 2/2
   762 | D:2      | Killed Natasha
   763 | D:2      | Reached skill level 3 in Fighting
   763 | D:2      | Reached skill level 1 in Throwing
   798 | D:2      | Noticed Natasha
   810 | D:2      | Killed Natasha
   811 | D:2      | Reached XP level 4. HP: 45/45 MP: 3/3
   819 | D:2      | Noticed Jessica
   827 | D:2      | Noticed Natasha
   828 | D:2      | Killed Jessica
   833 | D:2      | Killed Natasha
   888 | D:2      | Found a snail-covered altar of Cheibriados.
  1094 | D:2      | Reached XP level 5. HP: 53/53 MP: 4/4
  1398 | D:3      | Found a blossoming altar of Fedhas.
  1428 | D:3      | Noticed Robin
  1475 | D:3      | Killed Robin
  1493 | D:3      | Found Nurhum's Magic Scroll Shop.
  1501 | D:3      | Bought a scroll of teleportation for 33 gold pieces
  1522 | D:3      | Found Latomp Loirch's Assorted Antiques.
  1592 | D:3      | Found Neplif's Antique Armour Shop.
  1851 | D:3      | Found Lusura's Jewellery Shop.
  1923 | D:3      | Found Coidgh's Weapon Shop.
  2026 | D:3      | You fall into a shaft and drop 1 floor!
  2397 | D:4      | Reached XP level 6. HP: 59/60 MP: 5/5
  2836 | D:4      | Identified the +6 spear of the Undead {flame, *Corrode
                  | Will- Str+8}
  3165 | D:3      | Bought a scroll of fear for 44 gold pieces
  3210 | D:5      | Entered Level 5 of the Dungeon
  3241 | D:5      | Found a glowing drain.
  3245 | D:5      | Reached skill level 4 in Fighting
  3249 | Sewer    | Entered a sewer
  3300 | Sewer    | Reached XP level 7. HP: 64/70 MP: 6/6
  3359 | Sewer    | Reached skill level 5 in Dodging
  3654 | Sewer    | Reached skill level 1 in Stealth
  4127 | D:5      | Found a stormy altar of Qazlal.
  4135 | D:5      | Became a worshipper of Qazlal Stormbringer
  4135 | D:5      | Reached * piety under Qazlal
  4135 | D:5      | Reached ** piety under Qazlal
  4252 | D:5      | Reached XP level 8. HP: 79/79 MP: 7/7
  4456 | D:5      | Reached skill level 1 in Invocations
  4547 | D:5      | Found a burning altar of Makhleb.
  4551 | D:5      | Found a hazy altar of Hepliaklqana.
  4664 | D:5      | Reached skill level 5 in Throwing
  4664 | D:5      | Reached XP level 9. HP: 71/87 MP: 9/9
  4672 | D:5      | Reached skill level 5 in Fighting
  4730 | D:5      | Identified the +1 cloak of Anarchy {MP+9}
  5295 | D:6      | Found Faso's Antique Weapon Shop.
  5372 | D:6      | Found Narchoc's Distillery.
  5433 | D:6      | Bought a potion of invisibility for 88 gold pieces
  5550 | D:6      | Found a snail-covered altar of Cheibriados.
  5631 | D:6      | Found an iron altar of Okawaru.
  5815 | D:7      | Reached *** piety under Qazlal
  6059 | D:7      | Found a staircase to the Ecumenical Temple.
  6069 | Temple   | Entered the Ecumenical Temple
  6271 | D:7      | Reached XP level 10. HP: 97/97 MP: 12/12
  6434 | D:8      | Noticed Psyche
  6444 | D:8      | Killed Psyche
  6521 | D:8      | Paralysed by a hornet for 1 turns
  6616 | D:8      | Reached skill level 5 in Invocations
  6773 | D:8      | Found a radiant altar of Vehumet.
  6784 | D:8      | Reached skill level 6 in Fighting
  6994 | D:8      | Identified the +5 spear of Zeag {holy, Int+2}
  7382 | D:9      | Noticed a death yak
  7386 | D:9      | Noticed a death yak
  7388 | D:9      | Noticed a death yak
  7389 | D:9      | Noticed a death yak
  7390 | D:9      | Noticed a death yak
  7390 | D:9      | Noticed a death yak
  7390 | D:9      | Noticed a death yak
  7393 | D:9      | Noticed a death yak
  7524 | D:7      | Killed a death yak
  7630 | D:8      | Killed a death yak
  7631 | D:8      | Reached XP level 11. HP: 55/105 MP: 14/14
  7895 | D:9      | Reached **** piety under Qazlal
  7975 | D:9      | Found a staircase to the Orcish Mines.
  7999 | D:9      | Reached skill level 10 in Dodging
  8041 | D:9      | Reached skill level 1 in Evocations
  8190 | D:9      | Found a staircase to the Lair.
  8250 | D:8      | Killed a death yak
  8266 | D:8      | HP: 5/106 [death yak (19)]
  8268 | D:8      | Killed a death yak
  8686 | D:9      | Killed a death yak
  8688 | D:9      | Killed a death yak
  8898 | D:9      | Killed a death yak
  9010 | D:9      | Found Eciascho's Distillery.
  9169 | D:9      | Killed a death yak
  9170 | D:9      | Reached skill level 7 in Fighting
  9262 | Lair:1   | Entered Level 1 of the Lair of Beasts
  9479 | Lair:1   | Noticed Joseph
  9494 | Lair:1   | Killed Joseph
  9519 | Lair:1   | Reached XP level 12. HP: 99/118 MP: 16/16
 10383 | Lair:2   | Reached skill level 1 in Axes
 10560 | Lair:2   | HP: 5/119 [poisoned by a cane toad]
 11000 | D:3      | Bought an ichor-stained robe for 125 gold pieces
 11000 | D:3      | Identified the +4 robe of the Alphagorgon {rF+ rN+} (You
                  | bought it in a shop on level 3 of the Dungeon)
 11281 | Lair:2   | Found a staircase to the Shoals.
 11300 | Lair:2   | Reached skill level 8 in Fighting
 12196 | Lair:3   | Noticed a boulder beetle
 12210 | Lair:3   | Killed a boulder beetle
 12412 | Lair:3   | Found a hole to the Spider Nest.
 12519 | Lair:3   | Reached XP level 13. HP: 112/128 MP: 18/18
 12610 | Lair:3   | Reached skill level 5 in Axes
 13477 | Lair:4   | Reached ***** piety under Qazlal
 13878 | Lair:4   | Noticed Josephine
 13887 | Lair:4   | Killed Josephine
 14149 | Lair:5   | Entered Level 5 of the Lair of Beasts
 14162 | Lair:4   | Reached skill level 9 in Fighting
 14273 | Lair:5   | Reached skill level 5 in Evocations
 14682 | Lair:5   | Reached XP level 14. HP: 127/140 MP: 19/19
 15180 | Lair:5   | Found a staircase to the Slime Pits.
 15538 | Lair:5   | Reached ****** piety under Qazlal
 15575 | Lair:5   | Noticed Urug
 15585 | Lair:5   | Killed Urug
 15887 | Lair:5   | Reached skill level 10 in Fighting
 15955 | Lair:5   | Paralysed by a hornet for 1 turns
 16653 | D:3      | Bought a scroll of acquirement for 572 gold pieces
 16653 | D:3      | Acquired the amulet of Pinoeniopi {rF++ Regen+ Stlth+}
 16675 | D:3      | Bought a scroll of enchant armour for 82 gold pieces
 16675 | D:3      | Bought a scroll of immolation for 44 gold pieces
 16675 | D:3      | Bought a scroll of teleportation for 33 gold pieces
 16760 | D:6      | Bought a potion of might for 44 gold pieces
 16832 | Orc:1    | Entered Level 1 of the Orcish Mines
 17371 | Orc:2    | Entered Level 2 of the Orcish Mines
 17381 | Orc:2    | Reached skill level 1 in Armour
 17751 | Orc:2    | Found a staircase to the Elven Halls.
 17811 | Orc:2    | Found Fiergheyci's Armour Shop.
 17813 | Orc:2    | Found Inuuc's Armour Shoppe.
 17815 | Orc:2    | Found Myif Buima's Armour Boutique.
 18127 | Orc:2    | Bought the +0 mask of the Dragon {Will+ Slay+3 SInv} for
                  | 400 gold pieces
 18127 | Orc:2    | Found the +0 mask of the Dragon {Will+ Slay+3 SInv}
 18233 | D:10     | Entered Level 10 of the Dungeon
 18305 | D:10     | Reached skill level 10 in Invocations
 18322 | D:10     | Identified the +7 trident of Veppic {drain, Int+3}
 18339 | D:10     | Found Woimumal's Magic Scroll Emporium.
 18347 | D:10     | Bought a scroll of blinking for 97 gold pieces
 18347 | D:10     | Bought a scroll of fear for 52 gold pieces
 18347 | D:10     | Bought a scroll of fog for 52 gold pieces
 18526 | D:10     | Found a shimmering blue altar of Sif Muna.
 18753 | D:11     | Found a frozen archway.
 18789 | IceCv    | Entered an ice cave
 18808 | IceCv    | Reached XP level 15. HP: 144/152 MP: 21/21
 19111 | IceCv    | Identified the +7 rapier of Byumom {heavy, rCorr}
 19201 | D:11     | Found a gate leading to a gauntlet.
 19422 | D:11     | Noticed Harold
 19430 | D:11     | Killed Harold
 20442 | D:13     | Reached skill level 10 in Axes
 21057 | D:13     | Found a hazy altar of Hepliaklqana.
 21337 | D:14     | Found Dedocvusm's Weapon Emporium.
 21386 | D:14     | Reached skill level 11 in Fighting
 21387 | D:14     | Noticed Roxanne
 21465 | D:14     | Found Beseur's CLEARANCE SALE!.
 21645 | D:14     | Noticed Snorg
 21803 | D:14     | Found a gate to the Vaults.
 21889 | D:14     | Killed Snorg
 22365 | D:14     | Killed Roxanne
 22419 | D:15     | Entered Level 15 of the Dungeon
 22669 | D:15     | Reached XP level 16. HP: 146/162 MP: 22/22
 22856 | D:15     | Reached skill level 5 in Armour
 22958 | D:15     | Noticed Nessos
 22971 | D:15     | Killed Nessos
 23083 | D:15     | Acquired a manual of Fighting
 23269 | D:15     | Noticed Jorgrun
 23280 | D:15     | Killed Jorgrun
 23311 | D:15     | Found a staircase to the Depths.
 23349 | D:15     | Learned a level 3 spell: Passwall
 23513 | D:14     | Bought the +5 demon whip "Spellbinder" {antimagic, disrupt,
                  | Will+} for 1156 gold pieces
 23513 | D:14     | Found the +5 demon whip "Spellbinder" {antimagic, disrupt,
                  | Will+}
 23572 | Depths:1 | Entered Level 1 of the Depths
 23587 | Depths:1 | Found a magical portal.
 23596 | WizLab   | Entered Maxwell's Workshop
 23859 | WizLab   | HP: 1/165 [crystal guardian (17)]
 23893 | WizLab   | Reached skill level 12 in Fighting
 24137 | WizLab   | Reached skill level 1 in Shields
 24154 | WizLab   | Noticed an electric golem
 24185 | WizLab   | HP: 8/165 [electric golem/bolt of lightning (5)]
 24199 | WizLab   | Killed an electric golem
 24200 | WizLab   | Reached skill level 1 in Staves
 24442 | WizLab   | Identified the +6 plate armour "Nuthruo" {+Inv rElec}
 24453 | WizLab   | Identified the +0 leather armour of the Northern Lights
                  | {-Cast Dex+5 Slay+4 SInv}
 24454 | WizLab   | Identified the ring "Jezesar" {Fire rN+}
 24564 | Depths:1 | Noticed a tengu reaver
 24565 | Depths:1 | Noticed a tentacled monstrosity
 24584 | Depths:1 | Killed a tentacled monstrosity
 24586 | Depths:1 | Killed a tengu reaver
 24636 | Depths:1 | Found a gateway to Hell.
 25108 | Depths:1 | HP: 8/167 [spark wasp (5)]
 25262 | Depths:1 | Identified the +1 mace of the Shore {freeze, Will+}
 25290 | Depths:1 | Reached XP level 17. HP: 81/175 MP: 9/24
 25446 | Depths:1 | Reached skill level 13 in Fighting
 25514 | Depths:1 | Found a one-way gate leading to the halls of Pandemonium.
 26138 | Shoals:1 | Entered Level 1 of the Shoals
 26272 | Shoals:1 | Found a runed translucent gate.
 26272 | Shoals:1 | Found a runed translucent gate.
 26272 | Shoals:1 | Found a runed translucent gate.
 26289 | Shoals:1 | Noticed Panea's ghost (adept FoCA)
 26653 | Shoals:1 | Found Nywkuas's General Store.
 26653 | Shoals:1 | Found Telem's Specific Store.
 26664 | Shoals:1 | Bought 2 potions of heal wounds for 160 gold pieces
 26719 | Shoals:1 | Found Vukloz's Distillery.
 26730 | Shoals:1 | Bought a potion of heal wounds for 70 gold pieces
 26730 | Shoals:1 | Bought a potion of curing for 42 gold pieces
 27282 | Shoals:2 | Found Cokhlehe's Assorted Antiques.
 27333 | Shoals:2 | Learned a level 4 spell: Dimensional Bullseye
 27470 | Shoals:2 | Noticed Ilsuiw
 27485 | Shoals:2 | Killed Ilsuiw
 27486 | Shoals:2 | Reached skill level 5 in Staves
 27742 | Shoals:2 | Reached skill level 1 in Translocations
 28451 | Shoals:3 | Reached skill level 1 in Hexes
 29682 | Shoals:4 | Entered Level 4 of the Shoals
 29926 | Shoals:4 | Identified the +6 spear of Interdependent Arising {freeze,
                  | Dex+4}
 30138 | Shoals:4 | Reached XP level 18. HP: 171/188 MP: 25/25
 30272 | Shoals:4 | Reached skill level 14 in Fighting
 30524 | Shoals:4 | Got a barnacled rune of Zot
 31498 | Vaults:1 | Entered Level 1 of the Vaults
 31601 | Vaults:1 | Upgraded the game from 0.31-a0-1317-gdfb52cbc09 to
                  | 0.32-a0-913-g739538afd8
 31793 | Elf:1    | Entered Level 1 of the Elven Halls
 31825 | Elf:1    | Reached skill level 1 in Shapeshifting
 31845 | Elf:1    | Noticed Louise
 31852 | Elf:1    | Found a radiant altar of Vehumet.
 31855 | Elf:1    | Killed Louise
 32091 | Elf:1    | Paralysed by an air elemental for 1 turns
 32112 | Elf:1    | Reached skill level 1 in Maces & Flails
 32610 | Elf:1    | Found Nit Tuv's General Store.
 32615 | Elf:1    | Bought a potion of heal wounds for 70 gold pieces
 33095 | Elf:2    | Found Fexaxac's Spherical Supermarket.
 33493 | Elf:2    | Found a runed translucent gate.
 33494 | Elf:2    | Found a runed translucent gate.
 33494 | Elf:2    | Found a runed translucent gate.
 34026 | Elf:3    | Entered Level 3 of the Elven Halls
 34089 | Elf:3    | Reached skill level 15 in Fighting
 34143 | Elf:3    | Reached XP level 19. HP: 179/201 MP: 9/27
 34289 | Elf:3    | Found an ancient bone altar of Kikubaaqudgha.
 34366 | Elf:3    | Found Erigeqy's Antique Weapon Shop.
 34916 | Elf:3    | Identified the +9 flail "Goblinslayer" {flame, rElec}
 34928 | Elf:3    | Reached skill level 5 in Maces & Flails
 35107 | Elf:3    | Got the Tome of Destruction
 35142 | Elf:3    | Identified the +6 dagger "Ogulaote" {spect, MP+9 Stlth+}
 35213 | Elf:3    | Identified the +7 dagger "Datoqi" {elec, Str+4}
 35215 | Elf:3    | Got the Reference Book on the Indurated Faeries
 35222 | Elf:3    | Got the Incunable of Omens
 35231 | Elf:3    | Identified the staff of Xovvis {rF+ Str+5 Fire}
 35232 | Elf:3    | Identified the staff of Winter {Int+4 Earth}
 35433 | Elf:2    | Bought the orb "Icrur" {*Rage, rPois Str+6} for 417 gold
                  | pieces
 35671 | Spider:1 | Entered Level 1 of the Spider Nest
 35729 | Spider:1 | Paralysed by a jorogumo for 1 turns
 35738 | Spider:1 | Reached skill level 5 in Shapeshifting
 36035 | Spider:1 | Got the Guidebook on Spellbinding
 36037 | Spider:1 | Identified the +2 falchion "Citaos" {drain, rElec Will-
                  | Dex+4}
 36609 | Spider:2 | Reached skill level 10 in Throwing
 36836 | Spider:2 | Noticed Nikola
 36848 | Spider:2 | Killed Nikola
 37904 | Spider:3 | Reached skill level 16 in Fighting
 38176 | Spider:3 | Reached XP level 20. HP: 186/210 MP: 5/28
 38751 | Spider:4 | Entered Level 4 of the Spider Nest
 38928 | Spider:4 | Noticed Arachne
 39627 | Spider:4 | Killed Arachne
 39854 | Spider:4 | HP: 9/215 [jumping spider (14)]
 40483 | Spider:4 | Got a gossamer rune of Zot
 40598 | Spider:4 | Found a hide-covered altar of Uskayaw.
 41319 | Vaults:1 | Found a runed translucent gate.
 41319 | Vaults:1 | Found a runed translucent gate.
 41319 | Vaults:1 | Found a runed translucent gate.
 41319 | Vaults:1 | Noticed Qotsoore's ghost (adept DsFi)
 41322 | Vaults:1 | Found a viscous altar of Jiyva.
 41432 | Vaults:1 | Found a portal to a secret trove of treasure.
 41751 | D:3      | Bought a +4 ring of slaying for 504 gold pieces
 41774 | D:3      | Bought a scroll of enchant weapon for 82 gold pieces
 41774 | D:3      | Bought a scroll of enchant weapon for 82 gold pieces
 41797 | D:3      | Bought a scroll of enchant armour for 225 gold pieces
 42126 | Vaults:1 | You paid a toll of a +4 ring of slaying to enter a treasure
                  | trove
 42127 | Trove    | Entered a treasure trove
 42135 | Trove    | Found the +3 robe of Clouds {*Thunder rCloud rElec}
 42139 | Trove    | Identified the +2 hat "Daddevie" {Harm rN+ Dex+4}
 42141 | Trove    | Identified the +2 gold dragon scales "Adohuwit" {rPois rF+
                  | rC+ SInv}
 42143 | Trove    | Identified the +3 kite shield "Oddab" {Int+5}
 42149 | Trove    | Identified the +1 robe of Failure {rElec Int+3 Dex+3}
 42153 | Trove    | Identified the +2 hat of the Tundras {rCorr}
 42156 | Trove    | Found the +10 tower shield of Ignorance {rN+ Int-4}
 42160 | Trove    | Identified the scarf "Yhonaal" {rC+ rF+, Will++ Str+2}
 43432 | Vaults:2 | Reached XP level 21. HP: 223/223 MP: 10/30
 44432 | Vaults:3 | Found Roaxki's General Store.
 44438 | Vaults:3 | Bought a scroll of enchant weapon for 90 gold pieces
 44531 | Vaults:3 | Found Xatyokhe's General Store.
 44539 | Vaults:3 | Bought a scroll of enchant weapon for 82 gold pieces
 44645 | Vaults:3 | Reached skill level 5 in Shields
 44672 | Vaults:3 | Found Immam's Assorted Antiques.
 44946 | Vaults:3 | Identified the flux talisman of the Gazing Gods {rElec rF-
                  | Str+2 SInv}
 45243 | Vaults:3 | Found a staircase to the Crypt.
 45897 | Vaults:4 | Reached skill level 10 in Armour
 46331 | Vaults:4 | Identified the +2 hand axe of Duty {chaos, rF++ rC- Dex+4}
 46485 | Vaults:4 | Noticed Jory
 46499 | Vaults:4 | Killed Jory
 46517 | Vaults:4 | Reached XP level 22. HP: 234/234 MP: 10/31
 46522 | Vaults:4 | Reached skill level 17 in Fighting
 46770 | Vaults:4 | Found Raulu's Antique Armour Emporium.
 46964 | Crypt:1  | Entered Level 1 of the Crypt
 47961 | Crypt:1  | Found a runed translucent gate.
 47961 | Crypt:1  | Found a runed translucent gate.
 47961 | Crypt:1  | Found an ancient bone altar of Kikubaaqudgha.
 47961 | Crypt:1  | Found a runed translucent gate.
 47962 | Crypt:1  | Noticed a dread lich
 47962 | Crypt:1  | Noticed Yzeiphu's ghost (adept OpEE)
 47977 | Crypt:1  | Reached skill level 1 in Polearms
 48001 | Crypt:1  | Identified the +4 spear "Puqeq" {protect, *Slow Str+3 SInv}
 48172 | Crypt:1  | Acquired a manual of Fighting
 48837 | Crypt:1  | Killed Yzeiphu's ghost
 48867 | Crypt:1  | Killed a dread lich
 48873 | Crypt:1  | Identified the ring "Hexoz" {rPois Str-2 Dex+5}
 48915 | Crypt:2  | Noticed Vv
 48924 | Crypt:2  | Killed Vv
 49482 | Crypt:2  | Noticed Sojobo
 49493 | Crypt:2  | Killed Sojobo
 49507 | Crypt:2  | Reached skill level 15 in Invocations
 49921 | Crypt:2  | Noticed Dosonout's ghost (veteran FoFi)
 49922 | Crypt:2  | Found a large runed translucent door.
 49922 | Crypt:2  | Found a large runed translucent door.
 50134 | Crypt:2  | Killed Dosonout's ghost
 50135 | Crypt:2  | Reached skill level 10 in Shapeshifting
 50221 | Crypt:2  | Identified the +2 scale mail "Neziedam" {Rampage rCorr
                  | Stlth-}
 50227 | Crypt:3  | Entered Level 3 of the Crypt
 51369 | Crypt:3  | Reached XP level 23. HP: 244/244 MP: 18/33
 51425 | Crypt:3  | Noticed a curse toe
 51461 | Crypt:3  | Killed a curse toe
 51671 | Crypt:3  | Found the +8 Vampire's Tooth {megavamp}
 51715 | Crypt:3  | Found a staircase to the Tomb.
 52099 | Crypt:3  | Noticed an ancient lich
 52141 | Crypt:3  | Noticed a dread lich
 52141 | Crypt:3  | Noticed a dread lich
 52165 | Crypt:3  | Paralysed by something for 2 turns
 52168 | Crypt:3  | Annihilated by an Ice Fiend

Illustrated notes

Levels and vault maps discovered:
D:1:      psy_arrival_spokes, layout_loops_ring
D:2:      layout_loops_ring, basic_altar, minmay_misc_feat_four_crosses,
          uniq_jessica, uniq_natasha
D:3:      layout_loops_cross, fedhas_ov_isle_minmay, serial_shops, shop,
          nicolae_shop_stone, nicolae_shop_advertising_works
          [nicolae_subvault_shop_adworks], shop, nicolae_shop_hallway_plus,
          uniq_robin
D:4:      layout_layer_cave, hangedman_feature_mirror
D:5:      layout_loops_corners, mainiacjoe_overflow_catwalk_spiral,
          nicolae_qazlal_eye_of_the_storm, portal_sewer_entry_e,
          kennysheep_generic_room_14
D:6:      layout_rooms, slow_altar_2, okawaru_metal_pillars_1_2, serial_shops,
          nicolae_shop_window_shopping, shop, dk_noncrumbling_3
D:7:      layout_gridville, minmay_temple_entry_stoned_glass
D:8:      layout_basic, vehumet_statue, uniq_psyche
D:9:      layout_long_grid, dpeg_lair_monsters, hiddenorc2_lemuel, serial_shops,
          shop
D:10:     layout_basic, mainiacjoe_overflow_24_doors, serial_shops, shop
D:11:     layout_basic, gauntlet_entry_generic,
          portal_ice_cave_entry_ice_simulacra, serial_corexii_hall,
          chequers_hall_statues_y, chequers_hall_statues_wall_a, uniq_harold
D:12:     layout_basic
D:13:     layout_cave_pods, nicolae_hepliaklqana_hippocampus
D:14:     layout_rooms, david_vaults_5, serial_shops,
          nicolae_shop_tiny_statue_garden, nicolae_water_bricks,
          nicolae_shop_clearance, uniq_roxanne, uniq_snorg
D:15:     grunt_enter_depths_snipers, layout_loops_ring, grunt_decor_one_mirror,
          uniq_nessos, uniq_jorgrun
Temple:   zaba_magenta_temple
Lair:1:   layout_gridlike, uniq_joseph
Lair:2:   layout_roguey, elwin_shoals_entry_stream, serial_bayou_shore_a
Lair:3:   layout_regular_city, nicolae_spider_entry_tight_spaces
Lair:4:   layout_loops_ring, serial_bayou_shore_b, uniq_josephine
Lair:5:   wormcave, layout_layer_cave, hangedman_lair_caniforms_friends,
          minmay_slime_entry_oklob_enclosed, grunt_megastairs_4,
          lemuel_fruit_fields, uniq_urug
Shoals:1: layout_shoals, gammafunk_ghost_tricky_traps, serial_shops, shop,
          nicolae_specific_store
Shoals:2: layout_shoals, nicolae_shoals_lost_giant_hut, nicolae_stop_n_shop_2,
          uniq_ilsuiw
Shoals:3: layout_shoals, nicolae_shoals_land_atoll, nicolae_shoals_flooded_hall
Shoals:4: shoals_end_hangedman, layout_shoals, shoals_ilsuiw_alternative
Spider:1: layout_spider_delve, worms_lemuel
Spider:2: layout_chambers, uniq_nikola
Spider:3: layout_spider_delve, nicolae_spider_bug_shape
Spider:4: grunt_spider_rune_circles, nicolae_spider_altar_of_dancing,
          uniq_arachne
Orc:1:    layout_diamond_mine, blackcustard_rock_pile
Orc:2:    st_orc_rangers, layout_caves, basic_altar
Elf:1:    eino_elf_arrival_altar, layout_geoelf_octagon, serial_shops,
          nicolae_shop_just_a_little_nook, nicolae_elf_blasts_and_bolts,
          uniq_louise
Elf:2:    nicolae_elf_blades_crystal_corner, layout_gridlike,
          tekkud_shop_of_orbs, uniq_azrael
Elf:3:    elf_hall, layout_loops_ring, basic_altar, hex_large, minmay_shop_star
Vaults:1: gammafunk_ghost_ooze, hangedman_vaults_maws, v_rooms_2,
          nicolae_vaults_theta, nicolae_vaults_cornered_office,
          nicolae_vaults_tetromino_Z_2, grunt_vaults_bifocal,
          nicolae_vaults_offset_grid_hallway_3,
          nicolae_vaults_storage_closets_3, vaults_mumra_minichess, v_misc_30,
          st_cross, nicolae_vaults_house_1, vaults_dpeg_emergency_exit,
          nicolae_vaults_diamond_1, layout_vaults_ring, enter_trove_2
Vaults:2: nicolae_vaults_closet_pinwheel_2, nicolae_vaults_turnstiles,
          v_alt_pattern_1, nicolae_vaults_closet_pinwheel_2, v_misc_4,
          v_alt_pattern_6, grunt_vaults_diagonal, v_misc_19,
          nicolae_vaults_trapezoid_lopsided_3, layout_vaults_omnicross
Vaults:3: minmay_crypt_entry_simple_walls, v_misc_12, v_alt_pattern_1,
          hangedman_vaults_slice, v_misc_8, nicolae_vaults_little_squares_5,
          layout_vaults_omnigrid, serial_shops, shop, shop,
          nicolae_shop_peninsula
Vaults:4: hangedman_vaults_cutoff, serial_library_hellmonk_reading_circle,
          v_misc_17, nicolae_vaults_more_shelving_1,
          vaults_standard_mumra_enter_the_diamond, nicolae_vaults_sightless_eye,
          grunt_vaults_focal, nicolae_vaults_swerve,
          nicolae_vaults_tetromino_Z_2, nicolae_vaults_surprise_closet,
          st_squares, hangedman_vaults_stagger, layout_vaults_maze,
          serial_shops, nicolae_shop_rolling_square, uniq_jory
Crypt:1:  layout_chaotic_city, gammafunk_ghost_crypt,
          roderic_lattice_octagonal_star, grunt_crypt_arrival_split,
          grunt_megastairs_2
Crypt:2:  layout_misc_corridors, ebering_ghost_disaster_area, uniq_vv,
          uniq_sojobo
Crypt:3:  david_glass_crypt, layout_misc_corridors, tomb_entry_simple_bobbens
Depths:1: layout_small_grid, hell_entry, mu_enter_wizlab_3,
          rand_demon_pan_entry_3, minmay_misc_feat_room,
          chequers_serial_rivers_room_b, nicolae_zig_zag_zippers,
          grunt_megastairs_3

Skill      XL: |  1  2  3  4  5  6  7  8  9 10 11 12 13 14 15 16 17 18 19 20 21 22 |
---------------+-------------------------------------------------------------------+-----
Fighting       | 3 4 5 6 7 8 9 10 11 12 13 15 16 17 | 17.4
Throwing       | 1 2 3 5 6 7 8 9 10 11 12 13 | 13.8
Dodging        | 3 4 5 6 7 9 10 11 12 | 12.7
Stealth        | 1 2 3 |  3.3
Invocations    | 2 4 6 7 8 9 10 11 12 13 14 15 | 15.3
Evocations     | 2 4 5 6 7 8 |  8.7
Axes           | 4 7 9 10 11 12 | 12.2
Armour         | 2 4 6 7 8 9 10 | 10.3
Shields        | 1 2 3 4 6 8 |  8.7
Staves         | 3 5 7 |  7.1
Translocations | 2 |  2.9
Hexes          | 1 2 |  2.3
Shapeshifting  | 3 6 7 9 10 | 10.4
Maces & Flails | 3 6 8 9 |  9.7
Polearms       | 3 |  3.5
Unarmed Combat | |  3.0
Earth Magic    | |  0.4

Action                     |  1- 3 |  4- 6 |  7- 9 | 10-12 | 13-15 | 16-18 | 19-21 | 22-24 || total
---------------------------+-------+-------+-------+-------+-------+-------+-------+-------++-------
  Melee: Unarmed           |    63 |   146 |   341 |   369 |       |       |       |       ||   919
         War axe           |       |       |       |   188 |  1235 |   154 |   212 |    56 ||  1845
         Lajatang          |       |       |       |       |       |   579 |       |       ||   579
         Demon whip        |       |       |       |       |       |   119 |  1136 |   253 ||  1508
         Spear             |       |       |       |       |       |       |       |   616 ||   616
  Throw: Stone             |       |     2 |       |       |       |       |       |       ||     2
         Javelin           |       |     4 |     8 |    10 |    19 |     2 |    64 |    20 ||   127
         Dart              |       |       |     9 |    23 |     1 |     6 |    16 |     1 ||    56
         Boomerang         |       |       |       |     2 |       |   184 |   283 |    39 ||   508
         Large rock        |       |       |       |       |    11 |   252 |    78 |    52 ||   393
         Throwing net      |       |       |       |       |       |     5 |       |       ||     5
 Invoke: Upheaval          |       |       |     3 |    15 |     6 |    20 |    16 |    16 ||    76
         Elemental Force   |       |       |       |       |       |     7 |     4 |     6 ||    17
         Disaster Area     |       |       |       |       |       |       |     2 |     3 ||     5
Ability: Begin Untransform |       |       |       |       |       |     1 |     1 |       ||     2
  Evoke: Wand              |       |       |     1 |    21 |     9 |    43 |    19 |     9 ||   102
         Phial of floods   |       |       |       |       |       |     1 |     2 |     1 ||     4
         Condenser vane    |       |       |       |       |       |     1 |     2 |       ||     3
         Gell's gravitambo |       |       |       |       |       |       |     2 |     1 ||     3
         Phantom mirror    |       |       |       |       |       |       |     1 |     2 ||     3
         Box of beasts     |       |       |       |       |       |       |     1 |       ||     1
    Use: Scroll            |       |     4 |     3 |     6 |    21 |    10 |     7 |     3 ||    54
         Potion            |       |     2 |     2 |     2 |       |     7 |     7 |     4 ||    24
   Stab: Paralysed         |       |       |     6 |       |       |     7 |     7 |     2 ||    22
         Distracted        |       |       |       |       |       |     1 |     1 |       ||     2
         Invisible         |       |       |       |       |       |       |    10 |       ||    10
 Armour: Robe              |    37 |   102 |   196 |    52 |       |       |       |       ||   387
         Skin              |       |     6 |       |     2 |       |       |       |   108 ||   116
         Steam dragon scal |       |       |       |   284 |   349 |       |       |       ||   633
         Ice dragon scales |       |       |       |       |   515 |   815 |   555 |       ||  1885
         Gold dragon scale |       |       |       |       |       |       |   190 |   214 ||   404
  Dodge: Dodged            |    28 |    65 |   232 |   638 |  1484 |   896 |   655 |    70 ||  4068
         Repelled          |       |       |       |       |    14 |    57 |    28 |    17 ||   116
  Block: Other             |       |       |       |     9 |       |   268 |    29 |       ||   306
         Tower shield      |       |       |       |       |       |       |   811 |  1112 ||  1923
   Form: Beast             |       |       |       |       |       |     1 |       |       ||     1
         Serpent           |       |       |       |       |       |       |     1 |       ||     1

Table legend: (Time is in decaauts)
 A = Elapsed time spent in this place.
 B = Non-inter-level travel time spent in this place.
 C = Inter-level travel time spent in this place.
 D = Time resting spent in this place.
 E = Time spent auto-exploring this place.
 F = Levels seen in this place.
 G = Mean time per level.
                   A        B        C        D        E       F      G
               +--------+--------+--------+--------+--------+-----+--------+
         Total |  52109 |  46567 |   5542 |   2891 |  30037 |  46 | 1132.8 |
       Dungeon |  15378 |  12598 |   2780 |    435 |   9011 |  15 | 1025.2 |
        Temple |      1 |      1 |      0 |      0 |      0 |   1 |    1.0 |
          Lair |   7439 |   6824 |    615 |    391 |   4710 |   5 | 1487.8 |
        Shoals |   5222 |   4875 |    347 |    247 |   3184 |   4 | 1305.5 |
   Spider Nest |   5159 |   4593 |    566 |    674 |   2862 |   4 | 1289.8 |
  Orcish Mines |   1449 |   1262 |    187 |     31 |    848 |   2 |  724.5 |
   Elven Halls |   3668 |   3248 |    420 |    250 |   2186 |   3 | 1222.7 |
        Vaults |   5424 |   4995 |    429 |     22 |   3565 |   4 | 1356.0 |
         Crypt |   4618 |   4482 |    136 |    585 |   2611 |   3 | 1539.3 |
        Depths |   1487 |   1429 |     58 |     55 |    522 |   1 | 1487.0 |
         Trove |     41 |     41 |      0 |      0 |      2 |   1 |   41.0 |
         Sewer |    830 |    830 |      0 |     17 |    474 |   1 |  830.0 |
      Ice Cave |    391 |    391 |      0 |     45 |      0 |   1 |  391.0 |
        Wizlab |    994 |    994 |      0 |    136 |     62 |   1 |  994.0 |
               +--------+--------+--------+--------+--------+-----+--------+

Top non-repeatable levels by time:
  Lair:5: 2142 daAuts
Spider:3: 1914 daAuts
     D:9: 1669 daAuts
  Lair:2: 1623 daAuts
 Crypt:3: 1602 daAuts
     D:8: 1571 daAuts
 Crypt:1: 1567 daAuts
Vaults:1: 1508 daAuts
Depths:1: 1487 daAuts
 Crypt:2: 1447 daAuts
Shoals:4: 1415 daAuts
     D:5: 1413 daAuts
    D:14: 1358 daAuts
Vaults:4: 1342 daAuts
   Elf:3: 1337 daAuts
